 Dungeon Crawl Stone Soup version 0.17-a0-1450-g7e755d1 (webtiles) character file.

57 Sirial the Skirmisher (level 3, -1/29 HPs)
             Began as a Demonspawn Abyssal Knight on June 30, 2015.
             Was a Follower of Lugonu.
             Slain by a jackal (2 damage)
             ... on level 3 of the Dungeon.
             The game lasted 00:06:13 (1693 turns).

Sirial the Skirmisher (Demonspawn Abyssal Knight)   Turns: 1693, Time: 00:06:13

Health: -1/29      AC:  3    Str: 13    XL:     3   Next: 73%
Magic:  5/5        EV: 11    Int: 13    God:    Lugonu [*.....]
Gold:   70         SH:  0    Dex: 12    Spells: 0 memorised, 2 levels left

rFire  + . .     SeeInvis .     a - +1 short sword
rCold  x . .     Clarity  .     b - +0 leather armour
rNeg   . . .     SustAt   .     (no shield)
rPois  .         Gourm    .     (no helmet)
rElec  .         Spirit   .     (no cloak)
rCorr  .         Warding  .     (no gloves)
rMut   .         Stasis   .     (no boots)
MR     .....                    (no amulet)
Stlth  ++........               (no ring)
                                m - ring of fire

@: not resistant to hostile enchantments, unstealthy
A: nightstalker 1
a: Depart the Abyss, Renounce Religion


You were on level 3 of the Dungeon.
You worshipped Lugonu.
Lugonu was aware of your devotion.
You were not hungry.

You visited 1 branch of the dungeon, and saw 3 of its levels.
You visited the Abyss 1 time.

You collected 70 gold pieces.

Inventory:

Hand weapons
 a - a +1 short sword (weapon)
Armour
 b - a +0 leather armour (worn)
Jewellery
 d - a +4 ring of dexterity {unknown}
 m - a ring of fire (left hand)
Scrolls
 e - a scroll of immolation {unknown}
 k - 2 scrolls of identify
Potions
 h - a potion of curing
Comestibles
 f - 3 meat rations


   Skills:
 + Level 3.6 Fighting
 + Level 2.2 Short Blades
 + Level 2.1 Armour
 + Level 1.0 Dodging
 + Level 0.2 Stealth
 + Level 3.5 Invocations


You had 2 spell levels left.
You didn't know any spells.

Dungeon Overview and Level Annotations

Branches:
Dungeon (3/15)

Altars:


Innate Abilities, Weirdness & Mutations

You are slightly more attuned to the shadows.


Message History

You hit the worm but do no damage. You hit the worm but do no damage.
The worm bites you.
* * * LOW HITPOINT WARNING * * *
You hit the worm.
The worm is moderately wounded.
The worm bites you.
* * * LOW HITPOINT WARNING * * *
A jackal comes into view.
You barely miss the worm.
The worm is moderately wounded.
The jackal barks!
You hit the worm.
The worm is moderately wounded.
The worm closely misses you.
You hit the worm but do no damage.
The worm is moderately wounded.
You hit the jackal but do no damage. The worm closely misses you.
The jackal bites you but does no damage.
You closely miss the jackal. The jackal bites you.
You die...

# # .. #.# #.
#.# #
###.####.####$#
...............
#...........#
#...<.......#
#..h..†..>..#
#..@w.......#
#............
#............
#............
#...........#
............#
##...#.###.


You could see a worm and a jackal.

Vanquished Creatures
  Jessica (D:2)
  An adder (D:2)
  A worm (D:2)
  2 giant geckos (D:2)
  An orc (D:3)
  A ball python (D:1)
  2 giant cockroaches
  3 hobgoblins
  A bat (D:2)
  3 goblins (D:1)
  3 kobolds
  A rat (D:1)
20 creatures vanquished.

Notes
Turn   | Place    | Note
--------------------------------------------------------------
     0 | Abyss:1  | Sirial the Demonspawn Abyssal Knight began the quest for the Orb.
     0 | Abyss:1  | Reached XP level 1. HP: 18/18 MP: 2/2
     5 | Abyss:2  | Found a corrupted altar of Lugonu.
    94 | Abyss:2  | Noticed a large abomination
   113 | D:1      | Escaped the Abyss
   886 | D:1      | Gained mutation: You are slightly more attuned to the shadows. [demonic ancestry]
   886 | D:1      | Reached XP level 2. HP: 22/24 MP: 3/3
   968 | D:2      | Noticed Jessica
   972 | D:2      | Killed Jessica
   972 | D:2      | Acquired Lugonu's first power
   972 | D:2      | Reached XP level 3. HP: 29/29 MP: 3/5
  1477 | D:2      | Reached skill level 1 in Dodging
  1688 | D:3      | HP: 1/29 [worm (3)]
  1693 | D:3      | Slain by a jackal

Vault maps used:
D:1:      minmay_arrival_plants_in_alcoves
D:2:      uniq_jessica
D:3:      overflow_temple_1_default, vehumet_altar_wand_db, ecumenical_altar_2,
          first_bread, amalloy_card_club, uniq_grinder

Action                   || total
-------------------------++-------
Melee: Short sword       ||    96
Invok: Depart the Abyss  ||     1
  Use: Potion            ||     7
       Scroll            ||     7
  Eat: Bread ration      ||     1
       Royal jelly       ||     1
